 Dungeon Crawl Stone Soup version 0.23.2-40-g277498a001 (webtiles) character file.

Game seed: 13074984229409304350

458 Dexcius the Chopper (level 6, -6/56 HPs)
             Began as a Minotaur Berserker on Aug 22, 2019.
             Was a Believer of Trog.
             Killed by nerve-wracking pain
             ... invoked by an orc priest
              (12 damage)
             ... on level 4 of the Dungeon.
             The game lasted 00:07:38 (3048 turns).

Dexcius the Chopper (Minotaur Berserker)            Turns: 3048, Time: 00:07:39

Health: -6/56      AC:  7    Str: 23    XL:     6   Next: 77%
Magic:  5/5        EV: 11    Int:  4    God:    Trog [**....]
Gold:   172        SH:  0    Dex: 10    Spells: 5/5 levels left

rFire    . . .     SeeInvis .   q - +0 war axe
rCold    . . .     Gourm    .   (no shield)
rNeg     . . .     Faith    .   i - +0 scale mail
rPois    .         Spirit   .   (helmet restricted)
rElec    .         Reflect  .   (no cloak)
rCorr    .         Harm     .   (no gloves)
MR       .....                  (no boots)
Stlth    ..........             (no amulet)
HPRegen  0.18/turn              (no ring)
MPRegen  0.09/turn              (no ring)

@: no status effects
A: retaliatory headbutt, horns 2
a: Berserk, Trog's Hand, Renounce Religion


You were on level 4 of the Dungeon.
You worshipped Trog.
Trog was pleased with you.
You were not hungry.

You visited 1 branch of the dungeon, and saw 4 of its levels.

You collected 172 gold pieces.

Inventory:

Hand Weapons
 q - a +0 war axe (weapon)
Armour
 i - a +0 scale mail (worn)
Jewellery
 n - an uncursed ring of protection from fire {unknown}
Wands
 d - a wand of digging (6)
Scrolls
 b - 4 scrolls of identify {unknown}
 e - 5 scrolls of random uselessness {unknown}
 f - a scroll of enchant weapon {unknown}
 g - 2 scrolls of immolation {unknown}
 h - 5 scrolls of remove curse {unknown}
 p - a scroll of teleportation {unknown}
Potions
 j - a potion of might {unknown}
 k - 2 potions of invisibility {unknown}
 l - a potion of heal wounds {unknown}
 m - a potion of curing {unknown}
 o - a potion of agility {unknown}
Comestibles
 c - 6 rations


   Skills:
 + Level 5.2 Fighting
 + Level 6.4 Axes
 + Level 4.9 Armour
 + Level 3.4 Dodging
 + Level 0.8 Stealth


You had 5 spell levels left.
You didn't know any spells.
Your spell library was empty.

Dungeon Overview and Level Annotations

Branches:
Dungeon (4/15)             Temple (0/1) D:4

Altars:
Fedhas
Gozag
Okawaru
Qazlal


Innate Abilities, Weirdness & Mutations

You reflexively headbutt those who attack you in melee.
You have a pair of horns on your head.


Message History

The orc priest hits you.
* * * LOW HITPOINT WARNING * * *
You barely miss the orc priest.
You headbutt the orc priest, but do no damage.
The orc priest mumbles some strange prayers to Beogh against you.
Pain shoots through your body!
* * * LOW HITPOINT WARNING * * *
You closely miss the orc priest. You headbutt the orc priest!
The orc priest is almost dead.
The orc priest hits you but does no damage.
The orc priest hits you.
* * * LOW HITPOINT WARNING * * *
You closely miss the orc priest.
The orc priest is almost dead.
The orc priest hits you but does no damage.
You barely miss the orc priest.
The orc priest is almost dead.
The orc priest calls down the wrath of Beogh upon you.
Pain shoots through your body!
You die...

................^..
.#.....(..#########
#
#.######.#########
#.
#.######.#........
..
..................
#.
#.######.#.#######
.. #........#.# #
#####.##########.#
#
.....so@)........#
#
#.....############
# #.### ## ...


You could see an orc priest and a giant cockroach.

Vanquished Creatures
  Sigmund (D:3)
  An ogre (D:4)
  An orc priest (D:4)
  An iguana (D:4)
  A worker ant (D:4)
  3 adders
  3 gnolls (D:4)
  An adder skeleton (D:4)
  A dart slug (D:1)
  A leopard gecko (D:4)
  6 orcs
  2 giant cockroaches (D:3)
  10 goblins
  8 hobgoblins
  4 kobolds
  4 quokkas
  A ball python (D:1)
  5 bats
  6 frilled lizards
  A leopard gecko zombie (D:2)
  6 rats
67 creatures vanquished.

Vanquished Creatures (others)
  An orc wizard (D:4)
1 creature vanquished.

Grand Total: 68 creatures vanquished

Notes
Turn   | Place    | Note
-------+----------+-------------------------------------------
     0 | D:1      | Dexcius the Minotaur Berserker began the quest for the Orb.
     0 | D:1      | Reached XP level 1. HP: 19/19 MP: 0/0
   273 | D:1      | Reached XP level 2. HP: 27/27 MP: 1/1
   396 | D:1      | Reached skill level 4 in Axes
   937 | D:2      | Found a faded altar of an unknown god.
  1014 | D:2      | Found a stormy altar of Qazlal.
  1078 | D:2      | Reached XP level 3. HP: 33/33 MP: 2/2
  1283 | D:2      | Found a blossoming altar of Fedhas.
  1283 | D:2      | Found an iron altar of Okawaru.
  1335 | D:3      | Noticed Sigmund
  1347 | D:3      | Killed Sigmund
  1347 | D:3      | Reached ** piety under Trog
  1347 | D:3      | Reached skill level 5 in Axes
  1347 | D:3      | Reached XP level 4. HP: 41/41 MP: 3/3
  1347 | D:3      | Reached XP level 5. HP: 47/47 MP: 4/4
  1611 | D:3      | Found an opulent altar of Gozag.
  1613 | D:3      | Reached skill level 5 in Fighting
  2440 | D:4      | Noticed an ogre
  2447 | D:4      | HP: 2/48 [ogre/cursed +0 giant club (19)]
  2448 | D:4      | Killed an ogre
  2448 | D:4      | Reached skill level 6 in Axes
  2448 | D:4      | Reached XP level 6. HP: 3/56 MP: 5/5
  2812 | D:4      | Found a staircase to the Ecumenical Temple.
  3048 | D:4      | Killed from afar by an orc priest

Skill      XL: |  1  2  3  4  5 |
---------------+----------------+-----
Fighting       | 4 5 |  5.2
Axes           | 4 5 6 |  6.4
Armour         | 3 4 |  4.9
Dodging        | 3 |  3.4
Stealth        | |  0.8

Action                   |  1- 3 |  4- 6 || total
-------------------------+-------+-------++-------
Melee: Hand axe          |    44 |   108 ||   152
       Headbutt          |     9 |    20 ||    29
       War axe           |       |    16 ||    16
Invok: Berserk           |     1 |       ||     1
  Eat: Ration            |     1 |     2 ||     3
Armor: Animal skin       |     1 |       ||     1
       Scale mail        |    14 |    46 ||    60
Dodge: Dodged            |    33 |    62 ||    95
